 Dungeon Crawl Stone Soup version 0.24.0-37-gcf1ca852f1 (webtiles) character file.

Game seed: 3088954567122306323, levelgen mode: deterministic

57 Ponchio the Skirmisher (level 4, -3/30 HPs)
             Began as a Gargoyle Fighter on Nov 26, 2019.
             Was an Initiate of the Shining One.
             Slain by Sigmund
             ... wielding a +2 scythe of venom
              (4 damage)
             ... on level 2 of the Dungeon.
             The game lasted 00:03:43 (1331 turns).

Ponchio the Skirmisher (Gargoyle Fighter)           Turns: 1331, Time: 00:03:45

Health: -3/30      AC:  7    Str: 25    XL:     4   Next: 0%
Magic:  4/4        EV:  8    Int:  8    God:    the Shining One [......]
Gold:   75         SH:  9    Dex: 10    Spells: 3/3 levels left

rFire    . . .     SeeInvis .   q - +2 mace (protect)
rCold    . . .     Gourm    .   c - +0 shield
rNeg     + . .     Faith    .   p - +0 leather armour
rPois    ∞         Spirit   .   (no helmet)
rElec    +         Reflect  .   (no cloak)
rCorr    .         Harm     .   (no gloves)
MR       .....                  (no boots)
Stlth    +.........             (no amulet)
HPRegen  0.10/turn              (no ring)
MPRegen  0.09/turn              (no ring)

@: mighty, glowing
A: negative energy resistance 1, electricity resistance, unbreathing,
petrification resistance, rot immunity, AC +3
a: Renounce Religion


You were on level 2 of the Dungeon.
You worshipped the Shining One.
The Shining One was noncommittal.
You were hungry.

You visited 1 branch of the dungeon, and saw 2 of its levels.

You collected 75 gold pieces.

Inventory:

Hand Weapons
 a - a +0 flail
 q - a +2 mace of protection (weapon)
Armour
 b - a +0 scale mail
 c - a +0 shield (worn)
 p - a +0 leather armour (worn)
Scrolls
 e - 5 scrolls of identify
 g - 2 scrolls of teleportation
 h - a scroll of amnesia
 j - a scroll of remove curse
 l - a scroll of immolation {unknown}
Potions
 k - a potion of mutation {unknown}
 m - a potion of lignification {unknown}
 n - 2 potions of agility {unknown}
 r - a potion of magic {unknown}
Comestibles
 f - 6 rations


   Skills:
 + Level 4.3 Fighting
 + Level 3.2 Maces & Flails
 - Level 3.2 Armour
 - Level 3.2 Shields


You had 3 spell levels left.
You didn't know any spells.
Your spell library was empty.

Dungeon Overview and Level Annotations

Branches:
Dungeon (2/15)

Altars:
Makhleb
Ru
The Shining One

Annotations:
D:2 Sigmund


Innate Abilities, Weirdness & Mutations

You are resistant to torment.
Your stone body is resilient. (AC +3)
You are immune to poison.
You resist negative energy. (rN+)
You are resistant to electric shocks. (rElec)
You can survive without breathing.
You are immune to petrification.
You are immune to rotting.


Message History

Something hits you.
* * * LOW HITPOINT WARNING * * *
You feel very mighty all of a sudden.
You miss something.
You hear some strange, mumbled words.
Something tries to affect you, but you resist.
You hear some strange, mumbled words.
A puff of flame appears from out of thin air!
The puff of flame hits you but does no damage.
You miss something.
You hear some strange, mumbled words.
A magic dart appears from out of thin air!
The magic dart hits you but does no damage.
You closely miss something.
You hear some strange, mumbled words.
A puff of flame appears from out of thin air!
The puff of flame hits you!
* * * LOW HITPOINT WARNING * * *
Something hits you.
You die...

#.# .# # #.##### .##
#.....# ####
#.#######.# #.##
#..!..# #.####.##
##.....# #.......<
##......# #####...#
#.###.#.....# #...#
#...{@...[.# #...#
####.##.##.# #...#
#.##.##.# #...#
#.......# #...#
#..#.##.#######...#
.##......#...........
.........###..........
..###.....#...........
. #......#######...#


There were no monsters in sight!

Vanquished Creatures
  A gnoll (D:1)
  An adder (D:2)
  3 bats
  2 giant cockroaches
  5 hobgoblins
  6 jackals
  3 quokkas (D:2)
  3 frilled lizards (D:1)
  6 goblins
  2 kobolds (D:1)
  2 rats
34 creatures vanquished.

Notes
Turn   | Place    | Note
-------+----------+-------------------------------------------
     0 | D:1      | Ponchio the Gargoyle Fighter began the quest for the Orb.
     0 | D:1      | Reached XP level 1. HP: 14/14 MP: 1/1
    52 | D:1      | Reached XP level 2. HP: 15/19 MP: 2/2
   634 | D:1      | Reached XP level 3. HP: 21/24 MP: 3/3
   653 | D:1      | Reached skill level 4 in Fighting
   985 | D:2      | Found a glowing golden altar of the Shining One.
   988 | D:2      | Found a burning altar of Makhleb.
   993 | D:2      | Became a worshipper of the Shining One
   999 | D:2      | Found a sacrificial altar of Ru.
  1293 | D:2      | Reached XP level 4. HP: 28/30 MP: 4/4
  1311 | D:2      | Noticed Sigmund
  1331 | D:2      | HP: 1/30 [something/puff of flame (8)]
  1331 | D:2      | Slain by Sigmund

Levels and vault maps discovered:
D:1:      saegor_arrival_simple_d, layout_basic, serial_curves, eino_curves_02,
          eino_curves_01, minivault_25
D:2:      layout_loops_cross, lemuel_crystal_altar,
          grunt_temple_overflow_diamond, minmay_pentomino_q4, uniq_sigmund

Skill      XL: |  1  2  3 |
---------------+----------+-----
Fighting       | 4 |  4.3
Maces & Flails | 3 |  3.2
Armour         | |  3.2
Shields        | |  3.2

Action                   |  1- 3 |  4- 6 || total
-------------------------+-------+-------++-------
Melee: Flail             |   110 |       ||   110
       Mace              |     6 |    15 ||    21
  Use: Scroll            |     4 |       ||     4
       Potion            |       |     2 ||     2
  Eat: Chunk             |     1 |       ||     1
Armor: Scale mail        |    74 |       ||    74
       Leather armour    |     3 |     6 ||     9
Dodge: Dodged            |    45 |       ||    45
Block: Shield            |    66 |       ||    66
